 Dungeon Crawl Stone Soup version 0.26-a0-720-g2a1d101370 (webtiles) character file.

Game seed: 12698938610138420390

8563 Gargoyl the Fighter (level 11, -5/89 HPs)
             Began as a Gnoll Abyssal Knight on Nov 3, 2020.
             Was a Priest of Lugonu.
             Slain by a two-headed ogre
             ... wielding a +0 giant spiked club
              (11 damage)
             ... on level 10 of the Dungeon.
             The game lasted 00:13:41 (9227 turns).

Gargoyl the Fighter (Gnoll Abyssal Knight)          Turns: 9227, Time: 00:13:41

Health: -5/89      AC: 20    Str: 17    XL:     11   Next: 32%
Magic:  20/20      EV: 16    Int: 14    God:    Lugonu [***...]
Gold:   439        SH:  6    Dex: 20    Spells: 22/22 levels left

rFire    + . .     SeeInvis .   s - +2 war axe
rCold    . . .     Faith    .   y - +0 buckler
rNeg     . . .     Spirit   .   v - +5 ring mail of the Wilderness {+Blink rPois}
rPois    +         Reflect  .   o - +1 helmet
rElec    .         Harm     .   t - +0 cloak
rCorr    .         Rampage  .   p - +0 pair of gloves
MR       .....                  f - +2 pair of boots
Stlth    +++.......             c - amulet of the acrobat
HPRegen  0.24/turn              n - ring of protection from fire
MPRegen  0.17/turn              (no ring)

@: mighty, stab, slowed, very slow
A: distributed training, fangs 1, agile 2, strong nose
a: Depart the Abyss, Bend Space, Banish, Renounce Religion, Evoke Blink


You were on level 10 of the Dungeon.
You worshipped Lugonu.
Lugonu was most pleased with you.
You visited 1 branch of the dungeon, and saw 10 of its levels.
You visited the Abyss 1 time.
You also visited: Sewer.

You collected 439 gold pieces.

Inventory:

Hand Weapons
 a - a +1 hand axe
 s - a +2 war axe (weapon)
Missiles
 l - 34 poisoned darts (quivered)
Armour
 f - a +2 pair of boots (worn)
 o - a +1 helmet (worn)
 p - a +0 pair of gloves (worn)
 t - a +0 cloak (worn)
 v - the +5 ring mail of the Wilderness (worn) {+Blink rPois}
   (You found it on level 4 of the Dungeon)

   It protects you from poison.
   It lets you blink.
 y - a +0 buckler (worn)
Jewellery
 c - an amulet of the acrobat (around neck)
 n - a ring of protection from fire (left hand)
Wands
 e - a wand of disintegration (16)
 r - a wand of digging (2)
 A - a wand of paralysis (7)
Scrolls
 b - 2 scrolls of fog
 i - a scroll of identify
 m - a scroll of teleportation
 q - 2 scrolls of blinking
 x - 6 scrolls of remove curse
Potions
 d - 2 potions of cancellation
 g - a potion of mutation
 j - 5 potions of heal wounds
 k - 4 potions of curing
 u - 5 potions of stabbing
 w - 4 potions of flight {unknown}
 z - a potion of resistance {unknown}
 B - a potion of lignification {unknown}
 C - a potion of ambrosia {unknown}


   Skills:
 + Level 9.1 Fighting
 + Level 6.2 Short Blades
 + Level 6.2 Long Blades
 + Level 7.8 Axes
 + Level 6.2 Maces & Flails
 + Level 6.2 Polearms
 + Level 6.2 Staves
 + Level 6.2 Slings
 + Level 6.2 Bows
 + Level 6.2 Crossbows
 + Level 6.2 Throwing
 + Level 7.8 Armour
 + Level 6.7 Dodging
 + Level 6.2 Stealth
 + Level 6.2 Shields
 + Level 6.2 Unarmed Combat
 + Level 6.2 Spellcasting
 + Level 5.1 Conjurations
 + Level 5.1 Hexes
 + Level 5.1 Summonings
 + Level 5.1 Necromancy
 + Level 5.1 Translocations
 + Level 5.1 Transmutations
 + Level 5.1 Fire Magic
 + Level 5.1 Ice Magic
 + Level 5.1 Air Magic
 + Level 5.1 Earth Magic
 + Level 5.1 Poison Magic
 + Level 8.3 Invocations
 + Level 6.2 Evocations


You had 22 spell levels left.
You didn't know any spells.
Your spell library contained the following spells:

 Spells                   Type           Power        Failure   Level
 Animate Skeleton         Necr           ###...       3%          1
 Apportation              Tloc           ###...       3%          1
 Corona                   Hex            ###....      3%          1
 Magic Dart               Conj           ###.         3%          1
 Summon Small Mammal      Summ           ###.         3%          1
 Blink                    Tloc           N/A          4%          2
 Call Imp                 Summ           ###.....     4%          2
 Slow                     Hex            ###.....     4%          2
 Conjure Flame            Conj/Fire      ###.....     10%         3
 Mephitic Cloud           Conj/Pois/Air  ###.....     10%         3


Dungeon Overview and Level Annotations

Branches:
Dungeon (10/15)            Temple (0/1) D:5             Orc (0/2) D:10
  Sewer (visited)
   Lair: D:8-11

Altars:
Cheibriados
Dithmenos
Elyvilon
Fedhas
Gozag
Makhleb
Nemelex Xobeh
Okawaru
Qazlal
Sif Muna
Xom
Yredelemnul
Zin
The Shining One

Annotations:
D:10 Maggie
Abyss:1 Fannar


Innate Abilities, Weirdness & Mutations

Your experience applies equally to all skills.
You have very sharp teeth.
Your uncanny sense of smell can sniff out nearby items.
You are very agile. (Dex +4)


Message History

You block the wraith's attack. The wraith misses you.
You closely miss the wraith.
The wraith is almost destroyed.
The wraith misses you.
You closely miss the wraith. You bite the wraith.
You destroy the wraith!
Lugonu accepts your kill.
Your life force feels restored.
You block the two-headed ogre's attack.
The two-headed ogre hits you but does no damage.
You barely miss the two-headed ogre.
The two-headed ogre hits you with a +0 giant spiked club!!
* * * LOW HITPOINT WARNING * * *
The two-headed ogre hits you with a +0 giant club.
* * * LOW HITPOINT WARNING * * *
You slash the two-headed ogre!
The two-headed ogre is lightly wounded.
The two-headed ogre closely misses you.
The two-headed ogre hits you with a +0 giant club!
You die...

#....#......≈≈≈≈
####.#...####≈≈≈
####.#...# #.≈≈ ≈
######....#...# #.#≈≈..
#......####...# #.# .#.
#......# ##### #.# ...
#......# #########.##...
#......###oyoo.........#
######.@Oy{zyo.........#
#####Wzz..........#
##########..#.#
............
∆............
............
............
.......@....
............


You could see a two-headed ogre, a wraith, 3 killer bees, 3 wights and 4 orcs.

Vanquished Creatures
  Josephine (D:10)
  Harold (D:8)
  A two-headed ogre (D:10)
  An unseen horror (D:9)
  Pikel (D:8)
  2 trolls
  Sigmund (D:6)
  3 wraiths (D:10)
  A warg (D:10)
  3 orc warriors (D:9)
  2 ice beasts
  5 phantoms
  2 centaurs
  4 ogres
  2 big kobolds
  6 bullfrogs
  A wyvern skeleton (D:6)
  3 scorpions
  6 wights
  A killer bee (D:10)
  2 howler monkeys (D:8)
  A jelly (D:10)
  A quasit (D:10)
  A hound (D:7)
  4 centaur zombies
  2 centaur skeletons
  An orc priest (D:7)
  An iguana (D:6)
  3 orc wizards
  5 worker ants
  2 hound skeletons
  2 howler monkey skeletons
  6 adders
  4 river rats
  5 white imps
  2 ufetubi (D:10)
  2 worms
  3 leopard geckos
  15 orcs
  4 giant cockroaches
  7 hobgoblins
  11 jackals
  3 quokkas
  4 ball pythons
  9 bats
  2 frilled lizards
  6 goblins
  10 kobolds
  5 rats
170 creatures vanquished.

Notes
Turn   | Place    | Note
-------+----------+-------------------------------------------
     0 | Abyss:1  | Gargoyl the Gnoll Abyssal Knight began the quest for the
                  | Orb.
     0 | Abyss:1  | Reached XP level 1. HP: 23/23 MP: 3/3
    65 | Abyss:1  | Noticed a thrashing horror
    69 | D:1      | Escaped the Abyss
   360 | D:1      | Reached XP level 2. HP: 12/29 MP: 5/5
   594 | D:1      | Reached * piety under Lugonu
   669 | D:1      | You fall into a shaft and drop 1 floor!
   976 | D:2      | Reached XP level 3. HP: 29/35 MP: 6/6
  1535 | D:2      | Reached skill level 1 in Short Blades
  1535 | D:2      | Reached skill level 1 in Long Blades
  1535 | D:2      | Reached skill level 1 in Maces & Flails
  1535 | D:2      | Reached skill level 1 in Polearms
  1535 | D:2      | Reached skill level 1 in Staves
  1535 | D:2      | Reached skill level 1 in Slings
  1535 | D:2      | Reached skill level 1 in Bows
  1535 | D:2      | Reached skill level 1 in Crossbows
  1535 | D:2      | Reached skill level 1 in Throwing
  1535 | D:2      | Reached skill level 1 in Stealth
  1535 | D:2      | Reached skill level 1 in Shields
  1535 | D:2      | Reached skill level 1 in Unarmed Combat
  1535 | D:2      | Reached skill level 1 in Spellcasting
  1535 | D:2      | Reached skill level 1 in Evocations
  2088 | D:3      | Reached XP level 4. HP: 41/41 MP: 7/7
  2435 | D:3      | Reached ** piety under Lugonu
  2712 | D:4      | Reached skill level 1 in Conjurations
  2712 | D:4      | Reached skill level 1 in Hexes
  2712 | D:4      | Reached skill level 1 in Summonings
  2712 | D:4      | Reached skill level 1 in Necromancy
  2712 | D:4      | Reached skill level 1 in Translocations
  2712 | D:4      | Reached skill level 1 in Transmutations
  2712 | D:4      | Reached skill level 1 in Fire Magic
  2712 | D:4      | Reached skill level 1 in Ice Magic
  2712 | D:4      | Reached skill level 1 in Air Magic
  2712 | D:4      | Reached skill level 1 in Earth Magic
  2712 | D:4      | Reached skill level 1 in Poison Magic
  2833 | D:4      | Found a sparkling altar of Nemelex Xobeh.
  2833 | D:4      | Found a glowing golden altar of the Shining One.
  2889 | D:4      | Got a distressingly furry ring mail
  2894 | D:4      | Identified the +5 ring mail of the Wilderness {+Blink
                  | rPois} (You found it on level 4 of the Dungeon)
  2972 | D:4      | Reached XP level 5. HP: 47/47 MP: 8/8
  3101 | D:4      | Found a shimmering blue altar of Sif Muna.
  3187 | D:4      | Found a glowing drain.
  3195 | Sewer    | Entered a sewer
  3303 | Sewer    | Noticed a big kobold
  3325 | Sewer    | Killed a big kobold
  3325 | Sewer    | Reached skill level 5 in Invocations
  3325 | Sewer    | Reached XP level 6. HP: 51/53 MP: 9/9
  3352 | Sewer    | Found a white marble altar of Elyvilon.
  3462 | D:5      | Entered Level 5 of the Dungeon
  3541 | D:5      | Noticed a phantom
  3579 | D:5      | Killed a phantom
  3579 | D:5      | Reached skill level 5 in Axes
  3579 | D:5      | Reached skill level 5 in Armour
  3682 | D:5      | Found a burning altar of Makhleb.
  3743 | D:5      | Reached XP level 7. HP: 44/59 MP: 10/10
  3853 | D:5      | Found a staircase to the Ecumenical Temple.
  4320 | D:6      | Found a shimmering altar of Xom.
  4323 | D:6      | Reached skill level 7 in Fighting
  4324 | D:6      | Found a stormy altar of Qazlal.
  4337 | D:6      | Found a basalt altar of Yredelemnul.
  4349 | D:6      | Found a glowing silver altar of Zin.
  4349 | D:6      | Found a blossoming altar of Fedhas.
  4350 | D:6      | Found a snail-covered altar of Cheibriados.
  4350 | D:6      | Found an opulent altar of Gozag.
  4351 | D:6      | Found a white marble altar of Elyvilon.
  4582 | D:6      | Reached XP level 8. HP: 60/67 MP: 12/12
  4656 | D:6      | Noticed Sigmund
  4688 | D:6      | Killed Sigmund
  5150 | D:6      | Reached *** piety under Lugonu
  5173 | D:6      | Found a shadowy altar of Dithmenos.
  5380 | D:7      | Got an ebony whip
  5401 | D:7      | Identified the cursed +1 whip "Leuv" {freeze, rN+ Int+4
                  | Dex+3} (You found it on level 7 of the Dungeon)
  5812 | D:7      | Reached XP level 9. HP: 72/72 MP: 14/14
  6437 | D:8      | Noticed Pikel
  6461 | D:8      | Killed Pikel
  6461 | D:8      | Reached skill level 5 in Dodging
  6484 | D:8      | Gained mutation: You are agile. (Dex +2) [potion of
                  | mutation]
  6484 | D:8      | Gained mutation: You are very agile. (Dex +4) [potion of
                  | mutation]
  6550 | D:8      | Reached skill level 8 in Fighting
  6747 | D:8      | Noticed Harold
  6767 | D:8      | Killed Harold
  6767 | D:8      | Reached XP level 10. HP: 66/80 MP: 15/17
  7008 | D:9      | Killed an unseen horror
  7008 | D:9      | Reached skill level 5 in Short Blades
  7008 | D:9      | Reached skill level 5 in Long Blades
  7008 | D:9      | Reached skill level 5 in Maces & Flails
  7008 | D:9      | Reached skill level 5 in Polearms
  7008 | D:9      | Reached skill level 5 in Staves
  7008 | D:9      | Reached skill level 5 in Slings
  7008 | D:9      | Reached skill level 5 in Bows
  7008 | D:9      | Reached skill level 5 in Crossbows
  7008 | D:9      | Reached skill level 5 in Throwing
  7008 | D:9      | Reached skill level 5 in Stealth
  7008 | D:9      | Reached skill level 5 in Shields
  7008 | D:9      | Reached skill level 5 in Unarmed Combat
  7008 | D:9      | Reached skill level 5 in Spellcasting
  7008 | D:9      | Reached skill level 5 in Evocations
  7974 | D:9      | Found an iron altar of Okawaru.
  8369 | D:10     | Entered Level 10 of the Dungeon
  8376 | D:10     | Noticed Fannar
  8396 | D:10     | Noticed Maggie
  8551 | D:10     | Noticed a two-headed ogre
  8571 | D:10     | Killed a two-headed ogre
  8732 | D:10     | Found a staircase to the Orcish Mines.
  8826 | D:10     | Reached **** piety under Lugonu
  8898 | D:10     | Banished Fannar
  8898 | D:10     | Reached XP level 11. HP: 33/87 MP: 10/19
  9163 | D:10     | Reached skill level 9 in Fighting
  9167 | D:10     | Noticed Josephine
  9196 | D:10     | Killed Josephine
  9196 | D:10     | Reached skill level 5 in Conjurations
  9196 | D:10     | Reached skill level 5 in Hexes
  9196 | D:10     | Reached skill level 5 in Summonings
  9196 | D:10     | Reached skill level 5 in Necromancy
  9196 | D:10     | Reached skill level 5 in Translocations
  9196 | D:10     | Reached skill level 5 in Transmutations
  9196 | D:10     | Reached skill level 5 in Fire Magic
  9196 | D:10     | Reached skill level 5 in Ice Magic
  9196 | D:10     | Reached skill level 5 in Air Magic
  9196 | D:10     | Reached skill level 5 in Earth Magic
  9196 | D:10     | Reached skill level 5 in Poison Magic
  9212 | D:10     | Noticed a two-headed ogre
  9227 | D:10     | Slain by a two-headed ogre

Illustrated notes

Levels and vault maps discovered:
D:1:      minmay_arrival_widening_spiral_narrow, layout_basic
D:2:      layout_loops_ring, serial_rivers, chequers_serial_rivers_micro_e,
          chequers_serial_rivers_small_a, chequers_serial_rivers_micro_b,
          chequers_serial_rivers_small_a, chequers_serial_rivers_small_b,
          chequers_serial_rivers_micro_b, grunt_ministairs_3
D:3:      layout_basic
D:4:      layout_rooms, gammafunk_temple_overflow_elements,
          portal_sewer_entry_e, tgw_sif
D:5:      layout_loops_ring, kennysheep_little_box, minmay_temple_entry_wispy
D:6:      layout_rooms, grunt_temple_overflow_open,
          nicolae_dithmenos_the_darkroom, minmay_misc_feat_iff,
          kennysheep_nondescript, uniq_sigmund
D:7:      layout_rooms, roderic_lattice_a
D:8:      layout_rooms, minivault_25, uniq_pikel, uniq_harold
D:9:      minmay_bubble_buster, layout_loops_ring, kennysheep_okawaru_gauntlet,
          kennysheep_pointless_box, dk_noncrumbling_4
D:10:     layout_basic, lair_entry_dummy, david_orc_3, uniq_maggie, uniq_fannar,
          uniq_josephine

Skill      XL: |  1  2  3  4  5  6  7  8  9 10 11 |
---------------+----------------------------------+-----
Short Blades   | 1 2 3 4 5 6 |  6.2
Long Blades    | 1 2 3 4 5 6 |  6.2
Maces & Flails | 1 2 3 4 5 6 |  6.2
Polearms       | 1 2 3 4 5 6 |  6.2
Staves         | 1 2 3 4 5 6 |  6.2
Slings         | 1 2 3 4 5 6 |  6.2
Bows           | 1 2 3 4 5 6 |  6.2
Crossbows      | 1 2 3 4 5 6 |  6.2
Throwing       | 1 2 3 4 5 6 |  6.2
Stealth        | 1 2 3 4 5 6 |  6.2
Shields        | 1 2 3 4 5 6 |  6.2
Unarmed Combat | 1 2 3 4 5 6 |  6.2
Spellcasting   | 1 2 3 4 5 6 |  6.2
Evocations     | 1 2 3 4 5 6 |  6.2
Conjurations   | 1 2 3 4 5 |  5.1
Hexes          | 1 2 3 4 5 |  5.1
Summonings     | 1 2 3 4 5 |  5.1
Necromancy     | 1 2 3 4 5 |  5.1
Translocations | 1 2 3 4 5 |  5.1
Transmutations | 1 2 3 4 5 |  5.1
Fire Magic     | 1 2 3 4 5 |  5.1
Ice Magic      | 1 2 3 4 5 |  5.1
Air Magic      | 1 2 3 4 5 |  5.1
Earth Magic    | 1 2 3 4 5 |  5.1
Poison Magic   | 1 2 3 4 5 |  5.1
Dodging        | 3 4 5 6 |  6.7
Invocations    | 5 6 7 8 |  8.3
Axes           | 5 6 7 |  7.8
Armour         | 5 6 7 |  7.8
Fighting       | 7 8 9 |  9.1

Action                   |  1- 3 |  4- 6 |  7- 9 | 10-12 || total
-------------------------+-------+-------+-------+-------++-------
Melee: Hand axe          |    93 |    54 |       |       ||   147
       Bite              |     6 |    12 |    43 |    46 ||   107
       War axe           |       |    82 |   184 |   267 ||   533
       Punch             |       |       |     8 |       ||     8
       Whip              |       |       |   101 |       ||   101
Throw: Dart              |       |     4 |    11 |    17 ||    32
Invok: Depart the Abyss  |     1 |       |       |       ||     1
       Banish            |       |       |       |     3 ||     3
  Use: Scroll            |     6 |     7 |     9 |     4 ||    26
       Potion            |       |       |     1 |     4 ||     5
 Stab: Sleeping          |       |       |     1 |     1 ||     2
Armor: Leather armour    |    20 |       |       |       ||    20
       Scale mail        |     9 |    37 |       |       ||    46
       Ring mail         |       |    48 |   131 |   108 ||   287
Dodge: Dodged            |   115 |   117 |   216 |   184 ||   632
Block: Buckler           |       |       |       |    95 ||    95

Table legend: (Time is in decaauts)
 A = Elapsed time spent in this place.
 B = Non-inter-level travel time spent in this place.
 C = Inter-level travel time spent in this place.
 D = Time resting spent in this place.
 E = Time spent auto-exploring this place.
 F = Levels seen in this place.
 G = Mean time per level.
                   A        B        C        D        E       F      G
               +--------+--------+--------+--------+--------+-----+--------+
         Total |   9352 |   9051 |    301 |   1467 |   5294 |  12 |  779.3 |
       Dungeon |   9057 |   8756 |    301 |   1467 |   5072 |  10 |  905.7 |
         Abyss |     69 |     69 |      0 |      0 |     64 |   1 |   69.0 |
         Sewer |    225 |    225 |      0 |      0 |    157 |   1 |  225.0 |
               +--------+--------+--------+--------+--------+-----+--------+

Top non-repeatable levels by time:
     D:9: 1473 daAuts
     D:2: 1108 daAuts
     D:7: 1076 daAuts
     D:6: 1040 daAuts
    D:10: 876 daAuts
     D:5: 849 daAuts
     D:1: 836 daAuts
     D:4: 644 daAuts
     D:3: 631 daAuts
     D:8: 520 daAuts
   Sewer: 225 daAuts
 Abyss:1: 69 daAuts
